 Dungeon Crawl Stone Soup version 0.23-a0-565-g3e74e4c (webtiles) character file.

49 MisterFreud the Skirmisher (level 3, 0/36 HPs)
             Began as a Minotaur Abyssal Knight on Dec 13, 2018.
             Was a Follower of Lugonu.
             Slain by Natasha (7 damage)
             ... on level 2 of the Dungeon.
             The game lasted 00:01:40 (835 turns).

MisterFreud the Skirmisher (Minotaur Abyssal Knight) Turns: 835, Time: 00:01:40

Health: 0/36       AC:  3    Str: 17    XL:     3   Next: 53%
Magic:  3/3        EV: 11    Int:  9    God:    Lugonu [*.....]
Gold:   106        SH:  0    Dex:  9    Spells: 2/2 levels left

rFire    . . .     SeeInvis +   a - +1 falchion
rCold    . . .     Gourm    .   (no shield)
rNeg     . . .     Faith    .   b - +0 leather armour
rPois    .         Spirit   .   (helmet restricted)
rElec    .         Reflect  .   (no cloak)
rCorr    .         Harm     .   (no gloves)
MR       .....                  (no boots)
Stlth    +.........             (no amulet)
HPRegen  0.12/turn              d - ring of see invisible
MPRegen  0.08/turn              (no ring)

@: slowed, very slow
A: retaliatory headbutt, horns 2
a: Depart the Abyss, Renounce Religion


You were on level 2 of the Dungeon.
You worshipped Lugonu.
Lugonu was aware of your devotion.
You were not hungry.

You visited 1 branch of the dungeon, and saw 2 of its levels.
You visited the Abyss 1 time.

You collected 106 gold pieces.

Inventory:

Hand Weapons
 a - a +1 falchion (weapon)
Armour
 b - a +0 leather armour (worn)
Jewellery
 d - a ring of see invisible (left hand)
Scrolls
 e - a scroll of teleportation {unknown}
 g - a scroll of identify {unknown}
 i - a scroll of remove curse {unknown}
 j - a scroll of fog {unknown}
Potions
 h - a potion of agility
Comestibles
 c - a ration
 f - 2 chunks of flesh


   Skills:
 + Level 5.6 Fighting
 - Level 2.4 Long Blades
 - Level 2.4 Armour
 - Level 1.1 Dodging
 - Level 1.7 Invocations


You had 2 spell levels left.
You didn't know any spells.
Your spell library was empty.

Dungeon Overview and Level Annotations

Branches:
Dungeon (2/15)

Altars:

Annotations:
D:2 Natasha


Innate Abilities, Weirdness & Mutations

You reflexively headbutt those who attack you in melee.
You have a pair of horns on your head.


Message History

You miss Natasha.
Natasha is severely wounded.
Natasha barely misses you. You furiously retaliate!
You headbutt Natasha. The crimson imp barely misses you.
You riposte.
You barely miss the crimson imp.
Natasha casts a spell.
You barely miss Natasha.
Natasha is almost dead.
The crimson imp closely misses you. Natasha closely misses you.
The crimson imp hits you. Natasha claws you.
* * * LOW HITPOINT WARNING * * *
Unknown command.
You barely miss Natasha.
Natasha is almost dead.
The crimson imp blinks!
Natasha closely misses you.
Unknown command.
You barely miss Natasha.
Natasha is almost dead.
Natasha closely misses you. Natasha claws you!
You die...

#......<...#
#...÷..#...#
##..)......#
####..##.##
#..##.#
#.....###
#........
#§########
#>@h5.....
##########


You could see Natasha and a white imp.

Vanquished Creatures
  Natasha (D:2)
  2 dart slugs (D:1)
  A ball python (D:1)
  3 giant cockroaches (D:1)
  A hobgoblin (D:1)
  3 jackals (D:1)
  A quokka (D:2)
  3 bats (D:1)
  A frilled lizard (D:1)
  2 kobolds
  3 rats
21 creatures vanquished.

Notes
Turn   | Place    | Note
-------+----------+-------------------------------------------
     0 | Abyss:1  | MisterFreud the Minotaur Abyssal Knight began the quest for
                  | the Orb.
     0 | Abyss:1  | Reached XP level 1. HP: 19/19 MP: 1/1
    72 | Abyss:1  | Noticed a starcursed mass
    75 | D:1      | Escaped the Abyss
   119 | D:1      | Reached * piety under Lugonu
   124 | D:1      | Reached skill level 4 in Fighting
   242 | D:1      | Reached XP level 2. HP: 26/28 MP: 2/2
   798 | D:2      | Noticed Natasha
   803 | D:2      | Killed Natasha
   803 | D:2      | Reached skill level 5 in Fighting
   803 | D:2      | Reached XP level 3. HP: 26/36 MP: 3/3
   827 | D:2      | Noticed Natasha
   835 | D:2      | Slain by Natasha

Vault maps used:
D:1:      eino_arrival_druids_welcome
D:2:      nemelex_xobeh_ov_fountains_minmay, cheibriados_altar_1,
          minmay_worlds_worst_comb, uniq_natasha

Skill      XL: |  1  2 |
---------------+-------+-----
Fighting       | 4 5 |  5.6
Long Blades    | |  2.4
Armour         | |  2.4
Dodging        | |  1.1
Invocations    | |  1.7

Action                   || total
-------------------------++-------
Melee: Falchion          ||    42
       Headbutt          ||     6
Invok: Depart the Abyss  ||     1
Armor: Leather armour    ||     8
Dodge: Dodged            ||    31
       Rpst.: Falchion   ||     7

Table legend:
 A = Non-vault XP
 B = Vault XP
 C = Vault XP percentage of total XP
 D = Non-vault monster count
 E = Vault monster count
 F = Vault count percentage of total count
                 A         B        C        D         E       F
            +---------+---------+-------+---------+---------+-------
      Total |      35 |      36 |  50.7 |      20 |       1 |   4.8
            +---------+---------+-------+---------+---------+-------
        D:1 |      31 |       0 |   0.0 |      17 |       0 |   0.0
        D:2 |       4 |      36 |  90.0 |       3 |       1 |  25.0
            +---------+---------+-------+---------+---------+-------
